 Dungeon Crawl Stone Soup version 0.31.0-12-g77e489cdc1 (webtiles) character file.

Game seed: 7481606621632677588

257 safid the Ruffian (level 5, -1/41 HPs)
             Began as a Draconian Shapeshifter on Mar 7, 2024.
             Slain by a gnoll
             ... wielding a +0 whip of pain
              (3 damage)
             ... on level 4 of the Dungeon on Mar 8, 2024.
             The game lasted 00:03:06 (2135 turns).

safid the Ruffian (Draconian Shapeshifter)          Turns: 2135, Time: 00:03:07

Health: -1/41      AC:  5    Str: 19    XL:     5   Next: 93%
Magic:  5/5        EV: 12    Int: 10    God:
Gold:   167        SH:  0    Dex: 10    Spells: 4/4 levels left

rFire   . .          .
                       - Unarmed
rCold   . . .        (no shield)
rNeg    . . .        (body armour unavailable)
rPois   +            (helmet currently unavailable)
rElec   .            (cloak currently unavailable)
rCorr   .            (gloves currently unavailable)
SInv    .            (boots currently unavailable)
Will    .....        (no amulet)
Stlth   +            e - ring of poison resistance
HPRegen 0.26/turn    (no ring)
MPRegen 0.09/turn

%: no passive effects
@: beast-form
A: beast (slay +2), AC +5, unfitting armour, cold-blooded
a: Begin Untransformation


You were on level 4 of the Dungeon.
You were a hulking beast.
You visited 1 branch of the dungeon, and saw 4 of its levels.

You collected 167 gold pieces.

Inventory:

Jewellery
 e - a ring of poison resistance (left hand)
Talismans
 b - a beast talisman
 c - a flux talisman
Wands
 j - a wand of flame (20)
Scrolls
 a - a scroll of revelation {unknown}
 d - a scroll of poison {unknown}
 h - a scroll of fear {unknown}
 i - 7 scrolls of identify {unknown}
Potions
 f - a potion of heal wounds
 g - 2 potions of invisibility {unknown}
 k - a potion of mutation {unknown}
 l - a potion of berserk rage {unknown}


   Skills:
 + Level 1.7 Fighting
 + Level 3.1 Dodging
 + Level 4.7 Unarmed Combat
 * Level 4.4 Shapeshifting


You had 4 spell levels left.
You didn't know any spells.
Your spell library contained the following spells:

 Spells                   Type           Power      Damage    Failure   Level
 Fugue of the Fallen      Necr           0%         N/A       75%         3
 Ozocubu's Armour         Ice            0%         N/A       75%         3
 Manifold Assault         Tloc           0%         N/A       98%         4
 Olgreb's Toxic Radiance  Alch           0%         N/A       98%         4
 Ozocubu's Refrigeration  Ice            0%         4d7       100%        7
 Discord                  Hex            0%         N/A       100%        8


Dungeon Overview and Level Annotations

Branches:
Dungeon (4/15)
 Temple: D:4-7

Altars:
Gozag
Uskayaw
Wu Jian
Yredelemnul


Innate Abilities, Weirdness & Mutations

You are a hulking beast.
Your limbs bulge with bestial killing power. (Slay +2)
Your plain brown scales are hard. (AC +5)
You cannot fit into any form of body armour.
You are cold-blooded and may be slowed by cold attacks.


Message History

You kill the giant cockroach!
You closely miss the hobgoblin. Your punch misses the hobgoblin.
The hobgoblin closely misses you.
You punch the hobgoblin!
You kill the hobgoblin!
You hit the gnoll but do no damage. The gnoll barely misses you.
You closely miss the gnoll. The gnoll hits you but does no damage.
You barely miss the gnoll. You tail-slap the gnoll.
The gnoll is heavily wounded.
The gnoll hits you with a +0 club.
You hit the gnoll.
You kill the gnoll!
You punch the gnoll!
Your tail-slap misses the gnoll.
The gnoll is heavily wounded.
A gnoll comes into view.
It is wielding a +0 whip of pain and carrying a wand of mindburst.
The gnoll shouts!
You hit the gnoll.
The gnoll is severely wounded.
The gnoll closely misses you.
You punch the gnoll!
You kill the gnoll!
Unknown command.
The gnoll zaps a wand.
Your mind is blasted!
* * * LOW HITPOINT WARNING * * *
Items here: $ ))) †††.
You hit the gnoll.
The gnoll is moderately wounded.
The gnoll hits you with a +0 whip of pain.
* * * LOW HITPOINT WARNING * * *
You writhe in agony.
* * * LOW HITPOINT WARNING * * *
Unknown command.
You hit the gnoll.
You tail-slap the gnoll, but do no damage.
The gnoll is severely wounded.
The gnoll misses you.
You hit the gnoll.
The gnoll is almost dead.
The gnoll hits you with a +0 whip of pain.
You die...

#..# .. ....
... #..# ...
#.. #.# ##.....
..#.#.#..
#g.....). #h#
#### #.# ....
#†#.....
####.#.....
####..†.^..._..
#.......#......
#.##....#......
###..# .....
#..####.##


You could see a gnoll.

Vanquished Creatures
  A bombardier beetle (D:4)
  A hound (D:3)
  2 orc wizards (D:3)
  7 adders
  3 gnolls (D:4)
  An adder zombie (D:3)
  2 dart slugs
  3 orcs (D:3)
  4 bats
  3 endoplasms
  5 giant cockroaches
  6 goblins
  3 hobgoblins
  2 jackals (D:3)
  3 kobolds (D:2)
  3 quokkas
  3 ball pythons
  2 frilled lizards
  A giant cockroach zombie (D:3)
  6 rats
61 creatures vanquished.

Notes
Turn   | Place    | Note
-------+----------+-------------------------------------------
     0 | D:1      | safid the Draconian Shapeshifter began the quest for the
                  | Orb.
     0 | D:1      | Reached XP level 1. HP: 16/16 MP: 1/1
   196 | D:1      | Reached XP level 2. HP: 23/23 MP: 2/2
   534 | D:2      | Found a faded altar of an unknown god.
   619 | D:2      | Identified the +2 sling "Vawnaen" {drain, Dex+3}
   646 | D:2      | Reached XP level 3. HP: 15/28 MP: 3/3
   896 | D:2      | Reached XP level 4. HP: 35/35 MP: 4/4
  1413 | D:3      | Found an ornate altar of the Wu Jian Council.
  1447 | D:3      | Reached XP level 5. HP: 34/40 MP: 5/5
  1531 | D:3      | Found a hide-covered altar of Uskayaw.
  1625 | D:3      | Found a basalt altar of Yredelemnul.
  2057 | D:4      | Found an opulent altar of Gozag.
  2133 | D:4      | HP: 2/41 [gnoll/+0 whip of pain (1)]
  2135 | D:4      | Slain by a gnoll

Illustrated notes

Levels and vault maps discovered:
D:1:      tarquinn_simple_flora_water_f, layout_rooms, bh_walls_and_bars
D:2:      layout_rooms, chequers_ecumenical_altar_simple
D:3:      layout_basic, lemuel_zombie_altar_yredelemnul,
          nicolae_uskayaw_dance_hall, mainiacjoe_overflow_six_doors_small,
          skrybe_limestone_x, minmay_crystal_water
D:4:      layout_loops_cross, makhleb_blood_cavern_becter, lemuel_tele_altar,
          serial_shops, shop, minmay_misc_feat_tower

Skill      XL: |  1  2  3  4  5 |
---------------+----------------+-----
Dodging        | 2 3 |  3.1
Shapeshifting  | 4 |  4.4
Unarmed Combat | 4 |  4.7
Fighting       | |  1.7

Action                     |  1- 3 |  4- 6 || total
---------------------------+-------+-------++-------
  Melee: Unarmed           |    88 |   103 ||   191
         Tailslap          |     7 |    10 ||    17
         Punch             |     1 |     1 ||     2
    Use: Potion            |       |     3 ||     3
 Armour: Skin              |    46 |    84 ||   130
  Dodge: Dodged            |    67 |    71 ||   138
